 Dungeon Crawl Stone Soup version 0.29.1-2-gbd0b4ee654 (webtiles) character file.

Game seed: 4870630715321642455

170 mortz the Sneak (level 5, 0/28 HPs)
             Began as a Kobold Earth Elementalist on Oct 26, 2022.
             Killed from afar by a white imp (8 damage)
             ... with a puff of frost
             ... summoned by Natasha
             ... on level 4 of the Dungeon.
             The game lasted 00:17:31 (3923 turns).

mortz the Sneak (Kobold Earth Elementalist)         Turns: 3923, Time: 00:17:32

Health: 0/28       AC:  3    Str:  5    XL:     5   Next: 80%
Magic:  1/9        EV: 15    Int: 18    God:
Gold:   173        SH:  5    Dex: 22    Spells: 6/9 levels left

rFire   . . .      SeeInvis .   a - +8 quick blade
rCold   . . .      Faith    .   (no shield)
rNeg    . . .      Spirit   .   j - +0 robe
rPois   .          Reflect  +   l - +0 helmet
rElec   .          Harm     .   (no cloak)
rCorr   .          Rampage  .   (no gloves)
Will    .....                   (no boots)
Stlth   ++++......              s - amulet of reflection
HPRegen 0.09/turn               c - +6 ring of dexterity
MPRegen 0.11/turn               (no ring)

@: slowed, very slow
A: small, no large weapons, nightstalker 3
a: no special abilities


You were on level 4 of the Dungeon.
You visited 1 branch of the dungeon, and saw 4 of its levels.

You collected 173 gold pieces.

Inventory:

Hand Weapons
 a - a +8 quick blade (weapon)
 d - a +0 club
 e - a +0 dagger
 f - a +4 dagger
 i - a +0 short sword
 k - a +0 hand axe
 n - a +0 short sword
Armour
 j - a +0 robe (worn)
 l - a +0 helmet (worn)
 m - a +0 leather armour
Magical Staves
 u - a staff of fire
Jewellery
 c - a +6 ring of dexterity (left hand)
 s - an amulet of reflection (around neck)
Wands
 r - a wand of acid (9)
Scrolls
 t - 2 scrolls of teleportation
Potions
 b - a potion of magic
 g - 4 potions of curing {unknown}
 h - a potion of brilliance {unknown}
 q - 2 potions of might {unknown}
 v - a potion of flight {unknown}
 w - a potion of lignification {unknown}


   Skills:
 + Level 0.3 Fighting
 + Level 1.5 Short Blades
 + Level 2.6 Dodging
 + Level 4.8 Stealth
 + Level 0.6 Shields
 + Level 2.9 Spellcasting
 * Level 1.3 Transmutations
 * Level 4.2 Earth Magic


You had 6 spell levels left.
You knew the following spells:

 Your Spells              Type           Power      Damage    Failure   Level
a - Sandblast             Erth           34%        2d9       3%          1
p - Passwall              Tmut/Erth      10%        N/A       8%          2

Your spell library contained the following spells:

 Spells                   Type           Power      Damage    Failure   Level
 Sting                    Tmut/Pois      20%        1d4       13%         1
 Stone Arrow              Conj/Erth      20%        3d8       21%         3
 Poisonous Vapours        Pois/Air       4%         N/A       26%         2
 Petrify                  Tmut/Erth      12%        N/A       45%         4
 Olgreb's Toxic Radiance  Pois           2%         N/A       86%         4
 Summon Ice Beast         Ice/Summ       2%         N/A       86%         4
 Summon Mana Viper        Hex/Summ       2%         N/A       99%         5
 Monstrous Menagerie      Summ           1%         N/A       100%        7


Dungeon Overview and Level Annotations

Branches:
Dungeon (4/15) Zot: 20033
 Temple: D:4-7

Altars:

Annotations:
D:4 Natasha, Robin


Innate Abilities, Weirdness & Mutations

You are small and have problems with some larger weapons.
You are completely attuned to the shadows.


Message History

You feel yourself slow down.
The blast of sand hits Natasha.
Natasha is moderately wounded.
The crimson imp blinks!
Natasha casts a spell at you. The magic dart hits you.
You block Natasha's attack.
The blast of sand hits Natasha.
Natasha is moderately wounded.
You block Natasha's attack.
Natasha stares at you and mumbles some strange words.
The magic dart hits you.
The blast of sand hits Natasha but does no damage.
Natasha is moderately wounded.
Natasha mumbles some strange words.
Natasha claws you. The crimson imp closely misses you.
Natasha closely misses you. The crimson imp closely misses you.
You completely miss Natasha.
Natasha is moderately wounded.
The crimson imp barely misses you. Natasha barely misses you.
The crimson imp blinks!
You closely miss Natasha.
Natasha is moderately wounded.
The crimson imp hits you. Natasha claws you!
* * * LOW HITPOINT WARNING * * *
Casting: Sandblast (safe; 3% risk of failure)
Confirm with . or Enter, or press ? or * to list all spells.
Okay, then.
Casting: Sandblast (safe; 3% risk of failure)
Confirm with . or Enter, or press ? or * to list all spells.
Aiming: Passwall (safe; 8% risk of failure)
Press: ? - help, Dir - move target, p - Natasha A rock wall.
The crimson imp blinks! x2; Natasha misses you.
The white imp completely misses you.
You begin to meditate on the wall.
You continue meditating on the rock.
Natasha closely misses you. You block the white imp's attack.
Natasha claws you but does no damage. The white imp gestures at you.
The puff of frost hits you!
You die...

<.)....###..##.########
...#..###....#...##...##
#..#......#.........#..#.
......###.#........###...
....... #...........#..#
...... .....§........##
...##. #.....5.......#
...# ..5h§5#...# ....#
#.#@...#... .....
##..###... .... #...#....
... ......## .. ###. ..
.. g .. .... ..
............ ......g..g#


You could see Natasha, 2 crimson imps and a white imp (summoned).

Vanquished Creatures
  Natasha (D:4)
  3 adders
  3 gnolls
  2 worms (D:2)
  A dart slug (D:1)
  2 orcs
  6 endoplasms
  16 goblins
  10 hobgoblins
  3 jackals
  9 kobolds
  3 quokkas
  3 ball pythons (D:1)
  5 bats
  5 frilled lizards
  4 rats
76 creatures vanquished.

Notes
Turn   | Place    | Note
-------+----------+-------------------------------------------
     0 | D:1      | mortz the Kobold Earth Elementalist began the quest for the
                  | Orb.
     0 | D:1      | Reached XP level 1. HP: 10/10 MP: 3/3
    94 | D:1      | Reached XP level 2. HP: 15/15 MP: 5/5
   374 | D:1      | Reached XP level 3. HP: 18/19 MP: 3/6
  1093 | D:2      | Reached XP level 4. HP: 24/24 MP: 7/7
  1508 | D:2      | You fall into a shaft and drop 2 floors!
  2113 | D:2      | Found a faded altar of an unknown god.
  2120 | D:2      | Identified a scroll of acquirement
  2120 | D:2      | Acquired a +7 quick blade
  2857 | D:3      | Reached XP level 5. HP: 28/28 MP: 9/9
  3137 | D:3      | Learned a level 2 spell: Passwall
  3325 | D:4      | Noticed a black bear
  3502 | D:4      | Reached skill level 1 in Short Blades
  3574 | D:4      | Noticed Robin
  3891 | D:4      | Noticed Natasha
  3895 | D:4      | Killed Natasha
  3910 | D:4      | Noticed Natasha
  3923 | D:4      | Killed from afar by a white imp

Illustrated notes

Levels and vault maps discovered:
D:1:      elethiomel_arrival_quiet, layout_loops_ring
D:2:      layout_basic, chequers_ecumenical_altar_island
D:3:      layout_basic
D:4:      layout_cave_pools, nicolae_uskayaw_en_pointe, kennysheep_nub,
          minmay_strange_pillars, uniq_robin, uniq_natasha

Skill      XL: |  1  2  3  4  5 |
---------------+----------------+-----
Stealth        | 3 4 |  4.8
Short Blades   | 1 |  1.5
Earth Magic    | 4 |  4.2
Fighting       | |  0.3
Dodging        | |  2.6
Shields        | |  0.6
Spellcasting   | |  2.9
Transmutations | |  1.3

Action                   |  1- 3 |  4- 6 || total
-------------------------+-------+-------++-------
Melee: Dagger            |    20 |    12 ||    32
       Quick blade       |       |    13 ||    13
 Cast: Sandblast         |    19 |    43 ||    62
       Passwall          |       |     1 ||     1
Evoke: Wand              |       |     2 ||     2
  Use: Scroll            |       |     8 ||     8
 Stab: Sleeping          |    17 |    17 ||    34
Armor: Robe              |       |     8 ||     8
Dodge: Dodged            |     5 |    40 ||    45
Block: Other             |       |    16 ||    16
